 Dungeon Crawl Stone Soup version 0.30.0-29-ga12c61a403 (webtiles) character file.

Game seed: 5306858230373994392

76 qw the Chopper (level 4, -3/28 HPs)
             Began as a Gargoyle Fighter on June 3, 2023.
             Slain by a gnoll
             ... wielding a +0 flail
              (6 damage)
             ... on level 3 of the Dungeon.
             The game lasted 00:01:04 (2398 turns).

qw the Chopper (Gargoyle Fighter)                   Turns: 2398, Time: 00:01:05

Health: -3/28      AC: 10    Str: 24    XL:     4   Next: 32%
Magic:  4/4        EV:  9    Int: 12    God:
Gold:   83         SH:  4    Dex:  7    Spells: 3/3 levels left

rFire   . . .        Y - +0 war axe
rCold   . . .        c - +0 buckler
rNeg    + . .        b - +0 scale mail
rPois   inf          (no helmet)
rElec   +            (no cloak)
rCorr   .            (no gloves)
SInv    .            (no boots)
Will    .....        f - amulet of regeneration Stlth
                     (no ring)
HPRegen 1.04/turn    (no ring)
MPRegen 0.09/turn

%: no passive effects
@: about to teleport
A: sickness immunity, AC +3, negative energy resistance 1, electricity
resistance, torment resistance 1, petrification resistance, talons 1, clever 1,
strong 1
a: no special abilities


You were on level 3 of the Dungeon.
You visited 1 branch of the dungeon, and saw 3 of its levels.

You collected 83 gold pieces.


Innate Abilities, Weirdness & Mutations

You are immune to sickness and miasma.
Your stone body is resilient. (AC +3)
You are immune to poison.
You resist negative energy. (rN+)
You are resistant to electric shocks. (rElec)
You are resistant to unholy torment.
You are immune to petrification.
You have sharp toenails.
Your mind is acute. (Int +4, Str/Dex -1)
Your muscles are strong. (Str +4, Int/Dex -1)


   Skills:
 - Level 3.2 Fighting
 + Level 4.0 Axes
 - Level 3.2 Armour
 - Level 3.2 Shields


You had 3 spell levels left.
You didn't know any spells.
Your spell library was empty.

Inventory:

Hand Weapons
 e - a +0 club
 Y - a +0 war axe (weapon)
Armour
 b - a +0 scale mail (worn)
 c - a +0 buckler (worn)
Jewellery
 f - an amulet of regeneration (around neck)
Scrolls
 g - 2 scrolls of identify
 i - a scroll of fear {unknown}
 k - a scroll of vulnerability {unknown}
 m - 3 scrolls of silence {unknown}
Potions
 a - a potion of curing {unknown}
 d - a potion of might
 h - a potion of mutation
 l - a potion of resistance {unknown}
 n - a potion of brilliance {unknown}
 o - a potion of lignification {unknown}

Dungeon Overview and Level Annotations

Branches:
Dungeon (3/15)

Altars:


Message History

The gnoll barely misses you.
You hit the gnoll.
The gnoll is moderately wounded.
You closely miss the gnoll. You closely miss the gnoll. You claw the gnoll.
The gnoll is almost dead.
You closely miss the gnoll. The gnoll hits you with a +0 club.
The gnoll hits you with a +0 flail!
You completely miss the gnoll.
The gnoll is almost dead.
You hit the gnoll. The gnoll barely misses you.
The gnoll hits you with a +0 flail. The gnoll hits you with a +0 club.
The gnoll barely misses you.
You barely miss the gnoll.
The gnoll is almost dead.
You hit the gnoll. The gnoll hits you but does no damage.
You block the gnoll's attack.
You hit the gnoll. Your kick misses the gnoll.
The gnoll is almost dead.
You closely miss the gnoll. The gnoll hits you with a +0 club.
The gnoll barely misses you.
You completely miss the gnoll. Your kick misses the gnoll.
The gnoll is almost dead.
You barely miss the gnoll. You block the gnoll's attack.
The gnoll hits you but does no damage. The gnoll hits you with a +0 club.
The gnoll hits you with a +0 flail.
You hit the gnoll but do no damage.
The gnoll is almost dead.
You slash the gnoll!
You kill the gnoll!
Your Axes skill increases to level 4!
You closely miss the gnoll.
The gnoll is almost dead.
You slash the gnoll! The gnoll hits you with a +0 flail!
The gnoll hits you but does no damage.
2398 ||| READING scroll of teleportation.
As you read the scroll of teleportation, it crumbles to dust.
You feel strangely unstable. The gnoll hits you with a +0 flail.
You die...

#
#####################
#.....(..............
#.###################
#)#g@...<............
#.#g#################
#.#. #############.#.
#.............#.
#.#############.
..####### #.
#>....... ..
#.#######


You could see 2 gnolls.

Vanquished Creatures
  A gnoll (D:3)
  A worm (D:2)
  4 dart slugs
  4 ball pythons
  7 endoplasms
  3 giant cockroaches
  3 goblins (D:1)
  7 hobgoblins
  3 quokkas
  4 bats
  2 frilled lizards (D:1)
  6 kobolds
  3 rats
48 creatures vanquished.

Notes
Turn   | Place    | Note
-------+----------+-------------------------------------------
     0 | D:1      | qw the Gargoyle Fighter began the quest for the Orb.
     0 | D:1      | Reached XP level 1. HP: 14/14 MP: 1/1
     0 | D:1      | 0 ||| qw: Version: 0.2-a-103-g5a998e5
     0 | D:1      | 0 ||| qw: Game counter: 1123
     0 | D:1      | 0 ||| qw: Always use a shield: true
     0 | D:1      | 0 ||| qw: God list: Okawaru
     0 | D:1      | 0 ||| qw: Allow faded altars: false
     0 | D:1      | 0 ||| qw: Do Orc after D:15 true
     0 | D:1      | 0 ||| qw: Do second Lair branch before Depths: true
     0 | D:1      | 0 ||| qw: Lair rune preference: random
     0 | D:1      | 0 ||| qw: Plans: Normal, Zot:1-4, Slime:5, God:TSO, Crypt,
                  | Tomb, Pan, Hells, Abyss, Win
     0 | D:1      | 0 ||| PLANNING D:1-11
    49 | D:1      | Reached skill level 2 in Axes
    57 | D:1      | Reached XP level 2. HP: 19/19 MP: 2/2
   114 | D:1      | 114 ||| Stepping ~*~*~tactically~*~*~ (hiding).
   299 | D:1      | 299 ||| Stepping ~*~*~tactically~*~*~ (stealth).
   456 | D:1      | Reached skill level 3 in Axes
   527 | D:1      | 527 ||| Stepping ~*~*~tactically~*~*~ (stealth).
   528 | D:1      | 528 ||| Stepping ~*~*~tactically~*~*~ (stealth).
   532 | D:1      | Reached XP level 3. HP: 20/23 MP: 3/3
   585 | D:1      | 585 ||| Stepping ~*~*~tactically~*~*~ (stealth).
   938 | D:1      | 938 ||| DROPPING orb of energy.
   939 | D:1      | 939 ||| UPGRADING to amulet of the acrobat.
   944 | D:1      | 944 ||| DROPPING +6 ring of intelligence.
   945 | D:1      | 945 ||| READING scroll labelled NOISOG EHOYKLA.
   946 | D:1      | 946 ||| READING scroll labelled YNEAKL IPNOKK.
   947 | D:1      | 947 ||| READING 2 scrolls labelled QYDEEST UGRU.
   951 | D:1      | 951 ||| READING scroll labelled RELURR BOOD ENI.
  1180 | D:2      | 1180 ||| Stepping ~*~*~tactically~*~*~ (stealth).
  1181 | D:2      | 1181 ||| Stepping ~*~*~tactically~*~*~ (stealth).
  1695 | D:2      | 1695 ||| UPGRADING to amulet of regeneration.
  1705 | D:2      | 1705 ||| DROPPING amulet of the acrobat.
  1706 | D:2      | 1706 ||| DRINKING 3 metallic inky potions.
  1706 | D:2      | Gained mutation: You occasionally lose the ability to drink
                  | potions when taking damage. [potion of mutation]
  1706 | D:2      | Gained mutation: Your mind is acute. (Int +4, Str/Dex -1)
                  | [potion of mutation]
  1706 | D:2      | Gained mutation: You have a pair of small horns on your
                  | head. [potion of mutation]
  1707 | D:2      | 1707 ||| DRINKING 2 potions of mutation.
  1707 | D:2      | Lost mutation: You have a pair of small horns on your head.
                  | [potion of mutation]
  1707 | D:2      | Lost mutation: You occasionally lose the ability to drink
                  | potions when taking damage. [potion of mutation]
  1707 | D:2      | Gained mutation: Your muscles are strong. (Str +4, Int/Dex
                  | -1) [potion of mutation]
  1707 | D:2      | Lost mutation: Your mind is acute. (Int +4, Str/Dex -1)
                  | [potion of mutation]
  1707 | D:2      | Gained mutation: Your mind is acute. (Int +4, Str/Dex -1)
                  | [potion of mutation]
  1707 | D:2      | Gained mutation: You have sharp toenails. [potion of
                  | mutation]
  1708 | D:2      | 1708 ||| DRINKING 2 inky potions.
  1709 | D:2      | 1709 ||| DRINKING 3 lumpy coppery potions.
  1710 | D:2      | 1710 ||| DROPPING potion of invisibility.
  1711 | D:2      | 1711 ||| DROPPING 2 potions of flight.
  1887 | D:3      | Identified the +7 dagger of Ecib {freeze, *Corrode rPois
                  | rC- rN+++ Dex+4}
  1960 | D:3      | Reached XP level 4. HP: 28/28 MP: 4/4
  1990 | D:3      | 1990 ||| Stepping ~*~*~tactically~*~*~ (hiding).
  2397 | D:3      | Reached skill level 4 in Axes
  2397 | D:3      | HP: 2/28 [gnoll/+0 flail (9)]
  2398 | D:3      | 2398 ||| READING scroll of teleportation.
  2398 | D:3      | Slain by a gnoll

Levels and vault maps discovered:
D:1:      dpeg_arrival_another_circle, layout_basic
D:2:      layout_basic, chequers_big_river, hex_medium, minmay_fountain_box
D:3:      layout_basic, gammafunk_temple_overflow_elements, serial_glass,
          glass_columns_a, glass_columns_c, roderic_lattice_a

Skill      XL: |  1  2  3  4 |
---------------+-------------+-----
Axes           | 2 3 4 |  4.0
Fighting       | |  3.2
Armour         | |  3.2
Shields        | |  3.2

Action                     |  1- 3 |  4- 6 || total
---------------------------+-------+-------++-------
  Melee: War axe           |   104 |    19 ||   123
         Kick              |     3 |     3 ||     6
    Use: Scroll            |     4 |     1 ||     5
         Potion            |     4 |       ||     4
 Armour: Scale mail        |    45 |     4 ||    49
  Dodge: Dodged            |    52 |     7 ||    59
  Block: Buckler           |    17 |     6 ||    23

Table legend:
 A = Non-vault XP
 B = Vault XP
 C = Vault XP percentage of total XP
 D = Non-vault monster count
 E = Vault monster count
 F = Vault count percentage of total count
                 A         B        C        D         E       F
            +---------+---------+-------+---------+---------+-------
      Total |     109 |       0 |   0.0 |      48 |       0 |   0.0
            +---------+---------+-------+---------+---------+-------
        D:1 |      51 |       0 |   0.0 |      27 |       0 |   0.0
        D:2 |      26 |       0 |   0.0 |      13 |       0 |   0.0
        D:3 |      32 |       0 |   0.0 |       8 |       0 |   0.0
            +---------+---------+-------+---------+---------+-------
